Construct Section Command Post
Selects Indian Artillery Battlegroup
Construct Platoon Command Post
6-pounder Anti-tank Gun Team
Construct Field Infirmary
Selects Gurkha Rifles Section
Construct Company Command Post
Selects Towed ML 4.2-inch Heavy Mortar
Selects Towed ML 4.2-inch Heavy Mortar
Selects Artillery Saturation
Unlock M3 Grant Medium Tanks
Selects Off-map Airburst Barrage
Selects Perimeter Monitor